Map: Proxima Station LE

Players

Snute - Winner!

  • Race: Zerg Zerg
  • Spawn Location: 7:00

SortOf

  • Race: Zerg Zerg
  • Spawn Location: 1:00

Event: WCS Valencia 2017

VOD

Have the link to the VOD?

Description

Time

  • Played on: July 13, 2017, 1:57 p.m.
  • Length: 7:54

All games in this series

Show
View Real Time Build Order
Export as new Build Order

Snute Zerg - Winner!

Build Orders: Hatch First 

Get SALT Encoding   

  12  0:00  Drone  
  13  0:12  Overlord  
  13  0:16  Drone  
  14  0:30  Drone x2  
  14  0:34  Drone  
  17  0:53  Hatchery  
  17  0:54  Drone  
  17  1:08  Spawning Pool  
  17  1:11  Drone  
  17  1:14  Drone  
  18  1:34  Hatchery  
  18  1:37  Drone  
  18  1:40  Drone  
  18  1:43  Drone  
  20  1:55  Queen  
  22  2:06  Spine Crawler  
  21  2:08  Queen  
  21  2:11  Zergling x2  
  21  2:14  Zergling x2  
  25  2:17  Zergling x2  
  26  2:25  Overlord  
  26  2:30  Queen  
  26  2:35  Overlord  
  29  2:44  Drone  
  29  2:45  Drone x3  
  29  2:47  Drone  
  29  2:51  Drone x2  
  36  2:58  Drone  
  36  2:59  Drone  
  36  3:00  Drone  
  38  3:06  Drone x2  
  38  3:10  Roach Warren  
  38  3:12  Drone  
  40  3:17  Drone  
  40  3:18  Drone  
  40  3:21  Drone  
  40  3:23  Evolution Chamber, Drone  
  41  3:27  Evolution Chamber  
  41  3:28  Drone  
  41  3:30  Drone  
  41  3:32  Drone  
  43  3:36  Overlord  
  43  3:38  Drone  
  44  3:43  Queen  
  44  3:45  Extractor  
  44  3:47  Extractor  
  44  3:48  Queen  
  44  3:50  Drone  
  44  3:51  Drone  
  44  3:54  Extractor, Drone  
  48  3:56  Drone  
  48  3:58  Drone  
  48  4:00  Drone  
  48  4:01  Drone x2  
  53  4:03  Drone  
  53  4:05  Overlord  
  54  4:10  Overlord  
  54  4:18  Overlord  
  54  4:27  Metabolic Boost  
  54  4:33  Overlord  
  54  4:34  Roach x2  
  54  4:36  Roach  
  60  4:39  Roach  
  60  4:40  Zergling x2  
  60  4:41  Zergling x14  
  70  4:47  Roach  
  70  4:48  Roach  
  70  4:51  Roach  
  76  4:55  Roach  
  78  5:00  Roach x2  
  78  5:01  Roach  
  78  5:02  Overlord  
  78  5:03  Zergling x6  
  78  5:04  Zergling x2  
  88  5:07  Overlord  
  88  5:12  Roach Warren  
  87  5:18  Overlord  
  87  5:19  Overlord  
  87  5:22  Overlord  
  87  5:27  Overlord  
  87  5:36  Roach  
  87  5:39  Ravager  
  87  5:40  Ravager  
  87  5:41  Roach x5  
  99  5:44  Zergling x4  
  99  5:45  Zergling x2  
  100  5:50  Zergling x2  
  100  5:51  Zergling x4  
  100  5:55  Zergling x6  
  102  6:03  Roach x3  
  102  6:08  Ravager  
  102  6:11  Roach x3  
  105  6:14  Overlord  
  105  6:16  Zergling x4  
  111  6:22  Overlord  
  111  6:24  Ravager  
  112  6:32  Overlord  
  112  6:33  Zergling x6  
  112  6:34  Zergling x6  
  112  6:37  Overlord  
  118  6:42  Ravager x2  
  118  6:44  Zergling x2  
  121  6:48  Overlord  
  121  6:52  Zergling x6  
  121  6:53  Zergling x4  
  126  6:56  Zergling x2  
  126  6:57  Zergling x4  
  129  7:04  Ravager  
  131  7:08  Zergling x12  
  131  7:09  Zergling x2  
  135  7:22  Zergling x2  
  120  7:23  Zergling x10  
  120  7:29  Zergling x6  
Show
View Real Time Build Order
Export as new Build Order

SortOf Zerg 

Build Orders: Hatch First 

Get SALT Encoding   

  12  0:00  Drone  
  13  0:12  Overlord  
  13  0:17  Drone  
  14  0:32  Drone x2  
  14  0:35  Drone  
  17  0:55  Hatchery  
  16  0:59  Drone  
  16  1:01  Drone  
  18  1:08  Extractor  
  17  1:17  Spawning Pool  
  16  1:21  Drone  
  17  1:26  Drone  
  18  1:35  Drone  
  19  1:42  Overlord  
  19  2:06  Queen  
  19  2:07  Zergling x2  
  19  2:08  Zergling x2, Metabolic Boost  
  23  2:10  Queen  
  23  2:13  Drone  
  26  2:23  Drone  
  27  2:32  Drone  
  28  2:37  Hatchery  
  27  2:44  Drone  
  27  2:50  Zergling x2  
  27  2:51  Zergling x4  
  31  2:57  Overlord  
  31  3:01  Extractor  
  30  3:11  Drone  
  30  3:13  Drone  
  30  3:14  Drone  
  30  3:15  Drone  
  33  3:22  Roach Warren, Drone  
  33  3:25  Drone  
  34  3:29  Overlord  
  34  3:31  Drone  
  35  3:38  Drone x2  
  37  3:46  Extractor  
  36  3:49  Drone x3  
  39  3:56  Overlord  
  39  4:00  Queen, Overlord  
  41  4:05  Roach x2  
  41  4:08  Roach  
  47  4:10  Roach  
  47  4:14  Roach  
  47  4:16  Roach  
  53  4:19  Roach  
  53  4:23  Zergling x4  
  57  4:27  Ravager x2  
  57  4:29  Zergling x4  
  61  4:31  Zergling x2  
  61  4:32  Zergling x2  
  61  4:34  Ravager  
  64  4:38  Zergling x2  
  64  4:41  Zergling x6  
  68  4:46  Zergling x4  
  68  4:47  Ravager  
  68  4:50  Zergling x2  
  72  4:55  Zergling x4  
  72  4:57  Overlord  
  74  5:00  Overlord  
  74  5:10  Overlord  
  73  5:22  Zergling x20  
  73  5:23  Zergling x2  
  81  5:34  Drone x4  
  83  5:38  Roach x2  
  87  5:45  Roach x2  
  87  5:48  Roach x2  
  94  5:52  Roach  
  94  5:54  Roach  
  93  5:59  Drone  
  93  6:01  Roach x2  
  89  6:09  Roach x2  
  89  6:10  Evolution Chamber  
  92  6:12  Overlord  
  92  6:14  Ravager x2  
  92  6:16  Roach  
  96  6:19  Drone x2  
  98  6:26  Overlord x2  
  98  6:35  Overlord  
  98  6:38  Roach x3  
  104  6:45  Roach x2  
  108  6:57  Roach  
  108  6:58  Extractor, Zergling x8, Roach x3  
  116  7:04  Zergling x4, Roach  
  116  7:07  Roach  
  116  7:08  Zergling x2  
  123  7:13  Roach  
  118  7:20  Roach  
  118  7:21  Zergling x2  
  118  7:22  Zergling x2  
  106  7:25  Zergling x2, Roach  
  106  7:28  Roach  
  101  7:35  Zergling x2  
Tags
 
Add a new tag
Caveats
  • Supply blocks, unpowered buildings, or Contaminate may cause inaccurate times.
  • Supply counts are checked every 10 seconds.